Map: Jagannatha LE

Players

DPGDark (Dark) - Winner!

  • Race: Zerg Zerg
  • League: Master
  • Spawn Location: 7:00

Rogue

  • Race: Zerg Zerg
  • Spawn Location: 1:00

Event: TSL 6

VOD

Have the link to the VOD?

Description

Time

  • Played on: Dec. 19, 2020, 12:06 p.m.
  • Length: 9:38

All games in this series

Show
View Real Time Build Order
Export as new Build Order

DPGDark Zerg - Winner!

Build Orders: Hatch First 

Get SALT Encoding   

  12  0:00  Drone  
  13  0:12  Overlord  
  13  0:17  Drone  
  14  0:30  Drone x2  
  16  0:48  Hatchery  
  15  0:51  Drone  
  15  0:55  Drone  
  17  0:58  Drone  
  18  1:08  Extractor  
  17  1:14  Spawning Pool  
  17  1:17  Drone  
  17  1:20  Drone  
  18  1:27  Drone  
  19  1:39  Drone  
  20  1:49  Drone  
  21  2:00  Queen, Drone x2  
  21  2:01  Queen  
  27  2:10  Overlord  
  27  2:11  Drone, Metabolic Boost  
  28  2:28  Drone x2  
  30  2:32  Zergling x4  
  32  2:40  Hatchery  
  31  2:44  Queen  
  31  2:51  Baneling Nest  
  32  2:57  Overlord  
  32  3:02  Drone x2  
  32  3:03  Drone  
  35  3:14  Overlord  
  35  3:15  Drone x3  
  35  3:18  Zergling x2  
  39  3:20  Zergling x2  
  40  3:28  Zergling x2  
  40  3:30  Drone  
  40  3:31  Drone  
  40  3:33  Evolution Chamber  
  42  3:34  Baneling  
  42  3:37  Baneling  
  42  3:38  Baneling  
  42  3:41  Drone x3  
  45  3:43  Extractor  
  45  3:44  Drone  
  45  3:49  Lair  
  45  3:52  Drone x2  
  45  3:55  Drone  
  48  4:02  Drone  
  49  4:04  Drone x3  
  52  4:10  Overlord  
  50  4:19  Extractor  
  50  4:20  Extractor  
  50  4:22  Overlord  
  50  4:23  Drone x3  
  51  4:25  Overlord  
  51  4:27  Overlord  
  51  4:33  Queen  
  51  4:35  Drone x5  
  58  4:45  Zergling x4  
  60  4:50  Spire  
  60  4:52  Zergling x2  
  60  4:53  Zergling x4  
  61  5:02  Zergling x6  
  61  5:05  Zergling x8  
  68  5:15  Hatchery  
  68  5:21  Baneling  
  67  5:23  Overlord  
  67  5:25  Drone  
  67  5:28  Drone  
  69  5:31  Drone  
  69  5:32  Drone  
  69  5:34  Drone x3  
  74  5:37  Baneling x2  
  74  5:39  Drone x2  
  75  5:48  Overlord  
  74  5:51  Overlord  
  74  5:55  Overlord  
  74  6:01  Overlord  
  74  6:02  Mutalisk x3  
  80  6:06  Mutalisk x2  
  80  6:07  Mutalisk  
  86  6:12  Mutalisk  
  86  6:15  Baneling  
  86  6:18  Mutalisk x2  
  77  6:33  Mutalisk x2  
  77  6:36  Drone x4  
  79  6:47  Drone x3  
  79  6:48  Extractor x2, Drone  
  79  6:53  Zerg Flyer Weapons Level 1  
  81  6:57  Drone x5  
  81  6:58  Drone  
  81  7:00  Drone  
  87  7:03  Drone x2  
  89  7:11  Mutalisk x2  
  93  7:16  Drone x2  
  93  7:22  Mutalisk  
  91  7:30  Mutalisk  
  91  7:32  Zergling x16  
  91  7:33  Mutalisk  
  101  7:40  Spore Crawler  
  101  7:41  Mutalisk  
  102  7:46  Mutalisk  
  102  7:48  Zergling x2  
  105  7:57  Overlord x2  
  105  8:00  Overlord  
  105  8:03  Overlord  
  103  8:06  Overlord  
  103  8:14  Overlord  
  103  8:15  Overlord  
  103  8:16  Mutalisk x4, Baneling  
  103  8:18  Zergling x2  
  112  8:26  Mutalisk x2  
  116  8:28  Zergling x6  
  118  8:36  Mutalisk x2  
  118  8:38  Zergling x2  
  123  8:45  Zergling x2  
  123  8:48  Mutalisk  
  125  9:02  Zergling x2  
  125  9:03  Zergling x12  
  131  9:14  Spore Crawler  
  131  9:16  Zergling x6  
Show
View Real Time Build Order
Export as new Build Order

Rogue Zerg 

Build Orders: Hatch First 

Get SALT Encoding   

  12  0:00  Drone  
  13  0:12  Overlord  
  13  0:16  Drone  
  14  0:31  Drone x2  
  16  0:48  Hatchery  
  15  0:51  Drone  
  15  0:55  Drone  
  17  0:57  Drone  
  18  1:08  Extractor  
  17  1:13  Spawning Pool  
  17  1:16  Drone  
  17  1:20  Drone  
  18  1:28  Drone  
  19  1:39  Drone  
  20  1:49  Drone  
  21  1:59  Queen x2  
  21  2:00  Zergling x2, Overlord  
  26  2:10  Metabolic Boost  
  26  2:11  Drone x2  
  28  2:21  Drone x2  
  30  2:39  Queen  
  30  2:40  Hatchery  
  30  2:43  Zergling x2  
  32  2:47  Overlord  
  32  2:52  Zergling x4  
  32  2:54  Zergling x2  
  35  2:58  Zergling x2  
  35  3:04  Overlord  
  36  3:07  Zergling x2  
  36  3:09  Zergling x4  
  36  3:10  Zergling x2  
  40  3:13  Zergling x2  
  41  3:24  Zergling x6  
  44  3:33  Baneling Nest  
  44  3:34  Drone  
  44  3:41  Overlord  
  43  3:50  Overlord  
  43  3:53  Drone x6  
  49  3:57  Overlord  
  49  4:03  Drone x2  
  49  4:12  Drone x3  
  52  4:19  Lair  
  52  4:21  Extractor  
  52  4:22  Drone x2  
  53  4:27  Drone x2  
  55  4:31  Baneling x2  
  55  4:35  Evolution Chamber  
  55  4:37  Drone x3  
  57  4:42  Extractor, Drone x2  
  57  4:44  Drone  
  59  4:48  Drone x2  
  59  4:51  Extractor  
  59  4:52  Drone x2  
  61  4:56  Drone x2  
  63  5:00  Drone x2  
  63  5:06  Drone x3  
  63  5:07  Drone  
  69  5:12  Drone  
  69  5:21  Spire  
  69  5:23  Extractor, Drone  
  69  5:25  Extractor, Baneling x2  
  69  5:26  Zergling x2  
  69  5:27  Zergling x8  
  72  5:29  Baneling x3  
  71  5:36  Zergling x4  
  71  5:39  Overlord  
  73  5:46  Baneling x4  
  73  5:52  Zergling x2  
  73  5:56  Overlord  
  74  5:58  Zergling x2  
  74  5:59  Zergling x10  
  80  6:08  Baneling x2  
  80  6:09  Baneling  
  78  6:11  Overlord x3  
  76  6:32  Mutalisk x6  
  69  6:35  Mutalisk x2  
  80  6:41  Mutalisk  
  80  6:46  Mutalisk  
  82  6:47  Zergling x6  
  82  6:48  Zergling x2  
  82  6:53  Zerg Flyer Weapons Level 1  
  86  6:57  Mutalisk  
  88  7:02  Overlord x2  
  88  7:06  Mutalisk  
  90  7:13  Mutalisk  
  90  7:15  Overlord  
  90  7:21  Mutalisk  
  90  7:22  Mutalisk  
  92  7:23  Zergling x6  
  92  7:26  Zergling x2  
  92  7:29  Mutalisk  
  94  7:35  Mutalisk  
  96  7:42  Mutalisk  
  97  7:44  Zergling x10  
  97  7:49  Mutalisk  
  104  7:53  Mutalisk  
  104  7:54  Overlord  
  106  8:00  Mutalisk  
  101  8:06  Mutalisk  
  101  8:08  Zergling x8  
  107  8:16  Mutalisk  
  107  8:17  Mutalisk  
  107  8:18  Zergling x2  
  110  8:25  Mutalisk  
  112  8:28  Zergling x2  
  112  8:29  Zergling x6  
  112  8:31  Mutalisk  
  118  8:36  Mutalisk  
  118  8:41  Overlord  
  120  8:45  Mutalisk  
  120  8:56  Mutalisk  
  120  9:00  Mutalisk x2  
  120  9:02  Zergling x8  
  130  9:05  Overlord  
  130  9:10  Mutalisk  
  130  9:12  Mutalisk  
  114  9:20  Zergling x8  
Tags
 
Event
TSL 6
League
Master
Matchup
ZvZ
Player
DarkRogue
Race
Zerg
Spawn Locations
Cross Positions
Add a new tag
Caveats
  • Supply blocks, unpowered buildings, or Contaminate may cause inaccurate times.
  • Supply counts are checked every 10 seconds.